 Dungeon Crawl Stone Soup version 0.29.1-15-g9cfb28693d (webtiles) character file.

Game seed: 7144379119414624272

37 JeLyseng the Firebug (level 3, 24/40 HPs)
             Began as a Hill Orc Fire Elementalist on Mar 25, 2023.
             Quit the game on level 1 of the Dungeon.
             The game lasted 00:16:56 (1264 turns).

JeLyseng the Firebug (Hill Orc Fire Elementalist)   Turns: 1264, Time: 00:16:56

Health: 24/40      AC: 21    Str: 12    XL:     3   Next: 41%
Magic:  1/5        EV:  2    Int: 15    God:
Gold:   16         SH:  0    Dex: 11    Spells: 4/5 levels left

rFire   . . .      SeeInvis .   (no weapon)
rCold   . . .      Faith    .   (no shield)
rNeg    . . .      Spirit   .   (body armour currently unavailable)
rPois   +          Reflect  .   (helmet currently unavailable)
rElec   .          Harm     .   (cloak currently unavailable)
rCorr   .          Rampage  .   (gloves currently unavailable)
Will    .....      NoTele   +   (boots currently unavailable)
Stlth   ++........              (no amulet)
HPRegen 0.13/turn               (no ring)
MPRegen 0.09/turn               (no ring)

@: tree-form
A: stationary, stasis, torment immunity, boosted hp
a: no special abilities


You were on level 1 of the Dungeon.
You were a tree.
You visited 1 branch of the dungeon, and saw 1 of its levels.

You collected 16 gold pieces.

Inventory:

Missiles
 d - 17 stones
 e - 5 javelins
Armour
 a - a +1 robe (melded)
 j - a +0 robe
Potions
 i - 2 potions of curing


   Skills:
 + Level 0.3 Fighting
 + Level 2.0 Dodging
 + Level 1.9 Stealth
 + Level 1.9 Spellcasting
 + Level 1.1 Conjurations
 + Level 3.8 Fire Magic


You had 4 spell levels left.
You knew the following spells:

 Your Spells              Type           Power      Damage    Failure   Level
a - Foxfire               Conj/Fire      32%        2x1d5     9%          1

Your spell library contained the following spells:

 Spells                   Type           Power      Damage    Failure   Level
 Scorch                   Fire           26%        2d6       7%          2
 Conjure Flame            Conj/Fire      8%         6-21      24%         3
 Inner Flame              Hex/Fire       7%         N/A       30%         3
 Flame Wave               Conj/Fire      8%         2d5       63%         4


Dungeon Overview and Level Annotations

Branches:
Dungeon (1/15)

Altars:


Message History

You cannot move.
You cannot move.
You cannot move.
You cannot move.
You cannot move.
You cannot move.
You cannot move.
You cannot move.
You cannot move.
You cannot move.
You cannot move.
You cannot move.
You cannot move.
You cannot move.
You cannot move.
You cannot move.
You cannot move.
You cannot move.
You cannot move.
You cannot move.
You cannot move.
You cannot move.
You cannot move.
You cannot move.
You cannot move.
You cannot move.
You cannot move.
You cannot move.
You cannot move.
You cannot move.
You cannot move.
You cannot move.
You cannot move.
Welcome back, JeLyseng the Hill Orc Fire Elementalist.
Press ? for a list of commands and other information.
Welcome back, JeLyseng the Hill Orc Fire Elementalist.
Press ? for a list of commands and other information.
It was a potion of curing.
You feel better.
Your foxfire dissipates!
Are you sure you want to abandon this character and quit the game? (Confirm with "yes".)

#...# #.._§§.......# #####...
#...# ##.§).####..#.# #.......
#...###..#....##..#.## #.......
#....##.#####.##.....###.......
#.......# #.##.##............
#......## ###.##.#.......###...
####...# ##...§....###...# #...
###.).###....§##### ###..##...
####...........#♣)### ##...##.
.......#....#####...#######....#.
.....#...##.# ###....#...###...
.....#.#..#.# ##.†.......##...
.......##.#.### #...........#...
.....####.....####...........##..
.......######.....g........÷†....
######.#...####.##..........#...#
...........# #.##.........##..##


There were no monsters in sight!

Vanquished Creatures
  A dart slug (D:1)
  4 endoplasms (D:1)
  3 giant cockroaches (D:1)
  5 goblins (D:1)
  3 hobgoblins (D:1)
  A kobold (D:1)
  A quokka (D:1)
  3 ball pythons (D:1)
  5 bats (D:1)
  2 frilled lizards (D:1)
  4 rats (D:1)
32 creatures vanquished.

Vanquished Creatures (others)
  74 foxfires (D:1)
74 creatures vanquished.

Grand Total: 106 creatures vanquished

Notes
Turn   | Place    | Note
-------+----------+-------------------------------------------
     0 | D:1      | JeLyseng the Hill Orc Fire Elementalist began the quest for
                  | the Orb.
     0 | D:1      | Reached XP level 1. HP: 14/14 MP: 3/3
   288 | D:1      | Reached XP level 2. HP: 16/20 MP: 1/4
   377 | D:1      | Found a faded altar of an unknown god.
  1156 | D:1      | Reached XP level 3. HP: 24/26 MP: 2/5
  1264 | D:1      | Quit the game

Illustrated notes

Levels and vault maps discovered:
D:1:      amcnicky_arrival_double_pillar, layout_rooms,
          ebering_ecumenical_altar_mist

Skill      XL: |  1  2  3 |
---------------+----------+-----
Dodging        | 2 |  2.0
Fighting       | |  0.3
Stealth        | |  1.9
Spellcasting   | |  1.9
Conjurations   | |  1.1
Fire Magic     | |  3.8

Action                   || total
-------------------------++-------
Melee: Unarmed           ||    16
 Cast: Foxfire           ||    51
  Use: Potion            ||     4
       Scroll            ||     2
Armor: Robe              ||    43
       Skin              ||    12
Dodge: Dodged            ||   106
